 Dungeon Crawl Stone Soup version 0.22.1 (webtiles) character file.

232603 ZotmenoZotz the Severer (level 19, -8/154 HPs)
             Began as a Barachi Fighter on Sept 19, 2018.
             Was the Champion of Cheibriados.
             Mangled by a large abomination (23 damage)
             ... created by a deep elf death mage
             ... led by an ironheart preserver
             ... on level 2 of the Vaults.
             The game lasted 03:32:18 (42633 turns).

ZotmenoZotz the Severer (Barachi Fighter)          Turns: 42633, Time: 03:32:18

Health: -8/154     AC: 27    Str: 37    XL:     19   Next: 54%
Magic:  15/29      EV: 27    Int: 39    God:    Cheibriados [******]
Gold:   679        SH: 17    Dex: 32    Spells: 11/31 levels left

rFire    . . .     SeeInvis +   u - +5 broad axe (chop)
rCold    . . .     Gourm    .   c - +0 shield
rNeg     . . .     Faith    .   B - +2 plate armour {MR+}
rPois    .         Spirit   .   w - +2 helmet
rElec    .         Reflect  .   U - +0 cloak
rCorr    .         Harm     .   K - +2 pair of gloves {Dex+3}
MR       ++...     Clarity  +   (no boots)
Stlth    ..........             L - amulet of regeneration
HPRegen  0.75/turn              N - +5 ring of evasion
MPRegen  0.21/turn              v - ring "Gietygg" {EV+3 Str+2 Int+6 SInv}

@: lethally poisoned (-8 -> -8), marked, very slow
A: +LOS, swims, thin skeletal structure 1, blurry vision 1, clarity, clever 2,
slowness 1, strong legs 2
}: 1/15 runes: serpentine
a: Hop, Bend Time, Temporal Distortion, Slouch, Step From Time, Renounce
Religion


You were on level 2 of the Vaults.
You worshipped Cheibriados.
Cheibriados was exalted by your worship.
You were very hungry.

You visited 7 branches of the dungeon, and saw 31 of its levels.
You also visited: Ice Cave.

You collected 3290 gold pieces.
You spent 2611 gold pieces at shops.

Inventory:

Hand Weapons
 b - a +3 war axe of flaming
 u - a +5 broad axe of chopping (weapon)
 Z - the +8 trident "Beastbane" {drain, +Rage}
   (You found it on level 3 of the Snake Pit)

   A truly terrible weapon, it drains the life of those it strikes.
   It lets you go berserk.
Missiles
 y - 1231 arrows
 M - 10 javelins (quivered)
Armour
 c - a +0 shield (worn)
 r - +0 acid dragon scales
 w - a +2 helmet (worn)
 B - a +2 plate armour of magic resistance (worn)
 H - a +1 buckler of positive energy
 K - a +2 pair of gloves of dexterity (worn)
 S - a +4 plate armour of cold resistance
 U - a +0 cloak (worn)
 V - a +2 chain mail of poison resistance
Jewellery
 d - an uncursed amulet of the acrobat
 v - the ring "Gietygg" (right hand) {EV+3 Str+2 Int+6 SInv}
   (You bought it in a shop on level 2 of the Orcish Mines)

   [ring of evasion]

   It affects your evasion (+3).
   It affects your strength (+2).
   It affects your intelligence (+6).
   It lets you see invisible.
 z - an uncursed ring of fire
 A - an uncursed ring of positive energy
 L - an amulet of regeneration (around neck)
 N - a +5 ring of evasion (left hand)
 P - an uncursed ring of protection from cold
Wands
 o - a wand of paralysis (23)
 x - a wand of iceblast (10)
 C - a wand of digging (14)
 O - a wand of acid (25)
Scrolls
 i - 8 scrolls of teleportation
 j - 11 scrolls of remove curse
 l - 6 scrolls of magic mapping
 m - 10 scrolls of amnesia
 n - 5 scrolls of identify
 p - 2 scrolls of fog
 D - 3 scrolls of enchant armour
 E - 2 scrolls of holy word
 I - 3 scrolls of summoning
 Q - 3 scrolls of random uselessness
 R - 3 scrolls of fear
 W - a scroll of enchant weapon
Potions
 a - a potion of agility
 e - a potion of magic
 g - 6 potions of flight
 k - 2 potions of brilliance
 s - a potion of curing
 J - a potion of cancellation
Miscellaneous
 t - a lightning rod (4/4)
 G - a phial of floods
Comestibles
 f - 49 rations


   Skills:
 + Level 14.8 Fighting
 - Level 18.0 Axes
   Level 0.1 Slings
 - Level 0.1 Throwing
 + Level 15.1 Armour
 * Level 10.0 Dodging
 - Level 2.0 Stealth
 - Level 15.0 Shields
 * Level 6.8 Spellcasting
 * Level 7.3 Conjurations
 - Level 2.4 Summonings
 - Level 4.1 Translocations
 * Level 7.6 Transmutations
 - Level 4.1 Fire Magic
 * Level 4.1 Earth Magic
 - Level 12.0 Invocations


You had 11 spell levels left.
You knew the following spells:

 Your Spells              Type           Power        Failure   Level  Hunger
a - Apportation           Tloc           #####.       1%          1    None
b - Blink                 Tloc           N/A          2%          2    None
c - Conjure Flame         Conj/Fire      ######..     3%          3    None
d - Summon Butterflies    Summ           ####....     3%          1    None
e - Sticks to Snakes      Tmut           ######..     1%          2    None
f - Statue Form           Tmut/Erth      ######...    80%         6    #####..
g - Irradiate             Conj/Tmut      ######....   13%         5    ####...

Your spell library contained the following spells:

 Spells                   Type           Power        Failure   Level  Hunger
 Beastly Appendage        Tmut           ######       1%          1    None
 Magic Dart               Conj           ####         1%          1    None
 Searing Ray              Conj           ######       1%          2    None
 Shock                    Conj/Air       ####         2%          1    None
 Throw Frost              Conj/Ice       #####.       3%          2    None
 Iskenderun's Mystic Bla  Conj           ######..     4%          4    None
 Call Imp                 Summ           ####....     5%          2    None
 Gell's Gravitas          Tloc           #####.....   5%          3    None
 Lesser Beckoning         Tloc           #####.....   5%          3    None
 Spider Form              Tmut/Pois      #####.....   6%          3    None
 Dazzling Spray           Conj/Hex       #####.       7%          3    None
 Static Discharge         Conj/Air       #####...     7%          3    None
 Petrify                  Tmut/Erth      ######..     9%          4    None
 Force Lance              Conj/Tloc      ######..     10%         4    None
 Confusing Touch          Hex            ##....       11%         1    None
 Corona                   Hex            ##.....      11%         1    None
 Freeze                   Ice            ##..         11%         1    None
 Mephitic Cloud           Conj/Pois/Air  ####....     12%         3    None
 Blade Hands              Tmut           ######....   12%         5    ####...
 Inner Flame              Hex/Fire       ####....     13%         3    None
 Portal Projectile        Hex/Tloc       ####..       13%         3    None
 Slow                     Hex            ##......     16%         2    None
 Swiftness                Chrm/Air       ##......     16%         2    None
 Fulminant Prism          Conj/Hex       #####.....   22%         4    None
 Ice Form                 Ice/Tmut       #####...     22%         4    None
 Throw Icicle             Conj/Ice       #####...     22%         4    None
 Confuse                  Hex            ##......     30%         3    None
 Ozocubu's Armour         Chrm/Ice       ##......     30%         3    None
 Tukima's Dance           Hex            ##......     30%         3    None
 Leda's Liquefaction      Hex/Erth       ####......   41%         4    None
 Summon Ice Beast         Ice/Summ       ###.....     52%         4    None
 Alistair's Intoxication  Tmut/Pois      #####...     52%         5    ####...
 Yara's Violent Unravell  Hex/Tmut       #####.....   52%         5    ####...
 Lightning Bolt           Conj/Air       #####.....   54%         5    ####...
 Hydra Form               Tmut           ######....   56%         6    #####..
 Airstrike                Air            ##........   71%         4    None
 Cause Fear               Hex            ##........   71%         4    None
 Metabolic Englaciation   Hex/Ice        ##........   96%         5    ####...
 Silence                  Hex/Air        ##........   96%         5    ####...
 Dragon Form              Tmut           ######....   98%         7    #######
 Deflect Missiles         Chrm/Air       ##........   100%        6    #####..
 Invisibility             Hex            ##......     100%        6    #####..
 Discord                  Hex            ##........   100%        8    #######


Dungeon Overview and Level Annotations

Branches:
Dungeon (15/15)            Temple (1/1) D:4            Lair (6/6) D:8
  Swamp (0/4) Lair:3        Snake (4/4) Lair:4        Slime (0/5) Lair:6
    Orc (2/2) D:11            Elf (0/3) Orc:2        Vaults (2/5) D:13
 Depths (1/5) D:15
  Crypt: Vaults:2-3

Altars:
Ashenzari
Cheibriados
Dithmenos
Elyvilon
Fedhas
Gozag
Hepliaklqana
Kikubaaqudgha
Makhleb
Nemelex Xobeh
Okawaru
Qazlal
Ru
Sif Muna
Trog
Uskayaw
Vehumet
Wu Jian
Xom
Yredelemnul
Zin
The Shining One
Beogh

Shops:
D:4 *   D:9 ?*   D:11 (   D:13 ?   D:14 [   Orc:2 *[:(   Snake:1 :   Snake:3 ?
Vaults:1 [

Portals:
Hell: Lair:6

Annotations:
D:3 exclusion: downstairs
D:5 1 transporter, Cavalorn's ghost, amateur GnWn
D:11 exclusion: downstairs
Lair:1 exclusion: downstairs
Lair:4 exclusions: downstairs and oklob plant
Lair:6 3 runed doors, exclusions: 3 oklob plants and 1 more exclusion, Merlin's ghost, journeyman DrBe


Innate Abilities, Weirdness & Mutations

Shadows flee at your approach. (+LOS)
You can swim through water.
You cover ground slowly.
You can hop long distances.
You have a somewhat thin skeletal structure. (Dex +2, Stealth)
Scrolls take you a little longer to read.
You possess an exceptional clarity of mind.
Your mind is very acute. (Int +4)


Message History

Your life force feels restored.
You kill the deep elf archer!
Cheibriados appreciates the change of pace.
You are feeling very hungry.
You feel sick. The large abomination hits you!
* * * LOW HITPOINT WARNING * * *
You miss the large abomination. The large abomination hits you!
* * * LOW HITPOINT WARNING * * *
You slash the large abomination!
The large abomination is lightly damaged.
You slash the large abomination!
The large abomination is moderately damaged.
The large abomination completely misses you.
You completely miss the large abomination.
The large abomination is moderately damaged.
You feel sick.
You completely miss the large abomination.
The large abomination is moderately damaged.
The large abomination hits you!!
You die...

.... .... .....
##+##
###############.....
.......)......#.....
.†....))))....+.....
..)...))@X)).(#
.##########)()#
#.)(# #.$.# #...#
#)).# '...# #...#
#...#


You could see a large abomination.

Vanquished Creatures
  Asterion (Snake:2)
  7 nagarajas
  Kirke (Snake:2)
  A fire giant (Depths:1)
  A deep elf sorcerer (Vaults:2)
  3 vault wardens
  3 orc warlords
  6 ironheart preservers
  2 stone giants (Vaults:2)
  A deep elf demonologist (Vaults:2)
  Nessos (D:12)
  2 deep elf annihilators
  2 deep elf death magi (Vaults:2)
  Josephine (Lair:6)
  A yaktaur captain (Vaults:1)
  9 vault guards
  A rakshasa (Vaults:1)
  18 naga warriors
  4 hydras
  7 centaur warriors
  6 anacondas
  A catoblepas (Lair:4)
  A deep troll shaman (Vaults:1)
  A tengu warrior (D:13)
  6 ogre magi
  21 two-headed ogres
  5 death yaks
  An orc high priest (Orc:2)
  Urug (Orc:2)
  14 naga sharpshooters
  3 shock serpents
  2 deep troll earth magi (Vaults:1)
  3 skeletal warriors (Vaults:2)
  4 salamander mystics
  Nergalle (D:12)
  A deep elf knight (Vaults:1)
  A large abomination (Vaults:2)
  A sixfirhy (Lair:6)
  A glowing orange brain (shapeshifter) (D:12)
  2 wizards
  5 unseen horrors
  6 naga ritualists
  A glowing orange brain (Vaults:1)
  9 harpies
  A swamp dragon (shapeshifter) (D:15)
  5 ironbrand convokers
  15 orc knights
  2 deep elf archers (Vaults:2)
  9 mana vipers
  17 ugly things
  An iron dragon zombie (Depths:1)
  6 orc sorcerers
  2 wolf spiders
  2 wolf spider zombies (D:14)
  5 elephants
  4 deep elf magi
  5 cyclopes
  A mana viper (shapeshifter) (D:13)
  16 salamanders
  4 vault sentinels
  3 manticores
  13 naga magi
  4 guardian serpents
  2 ice statues (IceCv)
  2 torpor snails (Lair:4)
  A smoke demon (Lair:6)
  A gargoyle (D:15)
  Joseph (D:7)
  37 black mambas
  9 spiny frogs
  An orange demon (Lair:6)
  A kobold demonologist (D:15)
  21 yaktaurs
  10 rime drakes
  11 komodo dragons
  2 ice devils (Lair:6)
  A tengu conjurer (D:13)
  3 red devils (Lair:6)
  A redback zombie (D:15)
  A queen bee (Lair:5)
  6 meliai
  A polar bear (Lair:2)
  2 meliai (shapeshifter) (D:15)
  16 trolls
  A sphinx simulacrum (Vaults:1)
  20 blink frogs
  8 dream sheep
  A meliai zombie (D:15)
  12 slime creatures
  9 hippogriffs
  A spriggan skeleton (Depths:1)
  A spriggan (D:7)
  A water elemental (D:13)
  53 yaks
  A vampire (D:11)
  A hog (Snake:2)
  A golden eye (shapeshifter) (D:15)
  5 wyverns
  6 wraiths
  6 basilisks
  7 vampire mosquitoes
  3 hungry ghosts
  3 insubstantial wisps (Lair:6)
  9 wargs
  An acid dragon (D:15)
  3 hell hounds (Lair:6)
  45 nagas
  8 porcupines
  9 water moccasins
  A swamp drake (Lair:6)
  4 black bears
  65 orc warriors
  4 sky beasts
  28 ogres
  A hornet zombie (D:7)
  22 ice beasts
  A black bear (shapeshifter) (Vaults:1)
  4 phantoms
  7 wolves
  5 boggarts (D:15)
  31 centaurs
  13 crocodiles
  A big kobold (D:12)
  A wyvern zombie (D:10)
  15 bullfrogs
  A yaktaur skeleton (Depths:1)
  32 killer bees (Lair:5)
  3 wights (D:15)
  3 vampire bats (Lair:6)
  A bullfrog zombie (D:13)
  4 quasits
  5 centaur zombies
  9 hounds
  5 crimson imps
  A gnoll shaman (D:10)
  2 jellies
  2 bullfrog skeletons
  4 centaur skeletons
  20 orc priests
  34 orc wizards
  Natasha (thrice) (D:3)
  4 iguanas
  9 worker ants
  2 hound zombies
  3 hound skeletons
  A worker ant zombie (D:8)
  8 gnolls
  8 adders
  A shadow imp (D:11)
  2 oozes
  An adder zombie (D:6)
  3 worms
  4 dart slugs
  2 leopard geckos
  114 orcs
  4 giant cockroaches
  6 goblins
  13 hobgoblins
  8 jackals
  15 kobolds
  5 quokkas
  A ball python (D:2)
  9 bats
  9 frilled lizards
  A leopard gecko zombie (D:8)
  3 rats
  A crawling corpse (Vaults:2)
  3 fungi
  3 plants
1204 creatures vanquished.

Vanquished Creatures (collateral kills)
  2 hydras
  A water moccasin (Lair:2)
  2 orc warriors (D:11)
  A worker ant (D:12)
  An orc (D:11)
  A plant (Lair:2)
8 creatures vanquished.

Vanquished Creatures (others)
  An unseen horror (Vaults:1)
  A necromancer (Depths:1)
  A black mamba (Lair:2)
  2 humans (Snake:3)
  A crocodile (Lair:2)
  10 fungi
  30 plants
46 creatures vanquished.

Grand Total: 1258 creatures vanquished

Notes
Turn   | Place    | Note
-------+----------+-------------------------------------------
     0 | D:1      | ZotmenoZotz the Barachi Fighter began the quest for the
                  | Orb.
     0 | D:1      | Reached XP level 1. HP: 18/18 MP: 1/1
   333 | D:1      | Reached XP level 2. HP: 23/25 MP: 2/2
  1007 | D:1      | Reached XP level 3. HP: 30/30 MP: 3/3
  1243 | D:2      | Reached skill level 3 in Axes
  1656 | D:2      | Reached XP level 4. HP: 30/37 MP: 4/4
  3311 | D:3      | Noticed Natasha
  3327 | D:3      | Killed Natasha
  3327 | D:3      | Reached skill level 4 in Axes
  3327 | D:3      | Reached XP level 5. HP: 9/42 MP: 5/5
  3440 | D:3      | Noticed Natasha
  4085 | D:3      | Killed Natasha
  4157 | D:3      | Reached XP level 6. HP: 46/49 MP: 6/6
  4159 | D:3      | Reached skill level 5 in Armour
  4566 | D:3      | Noticed Natasha
  4573 | D:3      | Killed Natasha
  4773 | D:4      | Reached skill level 5 in Axes
  5209 | D:4      | Noticed a sky beast
  5212 | D:4      | Got a brightly glowing bronze ring
  5213 | D:4      | Identified the ring "Ahaon" {Int+2 Dex+5} (You found it on
                  | level 4 of the Dungeon)
  5519 | D:4      | Found Kaevaw's General Store.
  5525 | D:4      | Reached XP level 7. HP: 50/55 MP: 7/7
  5680 | D:4      | Reached skill level 5 in Shields
  5797 | D:4      | Found a deep blue altar of Sif Muna.
  5879 | D:4      | Reached skill level 6 in Axes
  5882 | D:4      | Reached skill level 5 in Fighting
  5887 | D:4      | HP: 1/56 [sky beast (6)]
  5893 | D:4      | Reached XP level 8. HP: 2/62 MP: 8/8
  6410 | D:4      | Found a burning altar of Makhleb.
  6500 | D:4      | Found a staircase to the Ecumenical Temple.
  6510 | Temple   | Entered the Ecumenical Temple
  6781 | Temple   | Became a worshipper of Elyvilon the Healer
  6856 | D:5      | Entered Level 5 of the Dungeon
  6856 | D:5      | Found a hide-covered altar of Uskayaw.
  6856 | D:5      | Noticed a hand axe
  6856 | D:5      | Noticed a hand axe
  7024 | D:5      | Found a transporter.
  7026 | D:5      | Noticed Cavalorn's ghost (amateur GnWn)
  7500 | D:5      | Reached * piety under Elyvilon
  7619 | D:5      | Reached skill level 7 in Axes
  8091 | D:5      | Found a basalt altar of Yredelemnul.
  8094 | D:5      | Found a glowing golden altar of the Shining One.
  8097 | D:5      | Found a radiant altar of Vehumet.
  8319 | D:6      | Found a snail-covered altar of Cheibriados.
  8323 | D:6      | Fell from the grace of Elyvilon
  8323 | D:6      | Became a worshipper of Cheibriados the Contemplative
  8471 | D:6      | Reached skill level 1 in Invocations
  8880 | D:7      | Reached XP level 9. HP: 47/69 MP: 10/10
  9003 | D:7      | Gained mutation: You are agile. (Dex +2) [potion of
                  | mutation]
  9003 | D:7      | Gained mutation: You are resistant to hostile enchantments.
                  | (MR+) [potion of mutation]
  9003 | D:7      | Gained mutation: You are somewhat resistant to further
                  | mutation. [potion of mutation]
  9225 | D:7      | Reached * piety under Cheibriados
  9232 | D:7      | Reached skill level 8 in Axes
  9759 | D:7      | Lost mutation: You are agile. (Dex +2) [potion of mutation]
  9759 | D:7      | Lost mutation: You are resistant to hostile enchantments.
                  | (MR+) [potion of mutation]
  9759 | D:7      | Lost mutation: You are somewhat resistant to further
                  | mutation. [potion of mutation]
  9759 | D:7      | Gained mutation: Your mind is acute. (Int +2) [potion of
                  | mutation]
  9759 | D:7      | Gained mutation: Your flesh is heat resistant. (rF+)
                  | [potion of mutation]
  9759 | D:7      | Lost mutation: Your mind is acute. (Int +2) [potion of
                  | mutation]
  9759 | D:7      | Gained mutation: You have sharp toenails. [potion of
                  | mutation]
  9760 | D:7      | Lost mutation: You have sharp toenails. [potion of
                  | mutation]
  9760 | D:7      | Gained mutation: Your mind is acute. (Int +2) [potion of
                  | mutation]
  9760 | D:7      | Gained mutation: Your magical capacity is low. (-10% MP)
                  | [potion of mutation]
  9760 | D:7      | Gained mutation: Your mind is very acute. (Int +4) [potion
                  | of mutation]
  9903 | D:7      | Noticed Joseph
  9937 | D:7      | Killed Joseph
 10335 | D:7      | Reached skill level 10 in Armour
 10584 | D:8      | Found an ancient bone altar of Kikubaaqudgha.
 10683 | D:8      | Paralysed by fainting for 11 turns
 10830 | D:8      | Reached XP level 10. HP: 72/76 MP: 10/10
 11088 | D:8      | Found a staircase to the Lair.
 11320 | D:8      | Reached ** piety under Cheibriados
 12147 | D:9      | Found Jugeqita's Magic Scroll Boutique.
 12343 | D:9      | Found an opulent altar of Gozag.
 12347 | D:9      | Found Gozag's Platinum Reserve.
 12572 | D:10     | Entered Level 10 of the Dungeon
 13650 | D:11     | Found a roughly hewn altar of Beogh.
 13650 | D:11     | Found a staircase to the Orcish Mines.
 13899 | D:11     | Reached skill level 9 in Axes
 13950 | D:11     | Found Zaheqov's Weapon Shoppe.
 13958 | D:11     | Reached XP level 11. HP: 81/81 MP: 11/11
 14184 | D:11     | Reached *** piety under Cheibriados
 14556 | D:12     | Noticed Nessos
 14556 | D:12     | Noticed a two-headed ogre
 14558 | D:12     | Noticed a seven-headed hydra
 14654 | D:12     | Noticed a six-headed hydra
 14659 | D:12     | Killed a seven-headed hydra
 14660 | D:12     | Noticed Nergalle
 14682 | D:12     | Killed Nergalle
 14682 | D:12     | Reached skill level 10 in Axes
 14689 | D:12     | Noticed a death drake
 14698 | D:12     | a death drake changed into a komodo dragon
 14719 | D:12     | HP: 1/83 [orc warrior/dire flail (12)]
 14922 | D:12     | Noticed a cyclops
 14947 | D:12     | Killed a cyclops
 14966 | D:12     | Noticed a cyclops
 14986 | D:12     | Killed a cyclops
 14992 | D:12     | Noticed a cyclops
 15113 | D:13     | Reached **** piety under Cheibriados
 15220 | D:13     | Noticed a vault guard
 15241 | D:12     | Killed a cyclops
 15438 | Lair:1   | Entered Level 1 of the Lair of Beasts
 15493 | Lair:1   | Learned a level 1 spell: Apportation
 15567 | Lair:1   | HP: 6/124 [poisoned by a black mamba]
 15571 | Lair:1   | Reached skill level 11 in Axes
 15581 | Lair:1   | HP: 5/126 [poisoned by a black mamba]
 15586 | Lair:1   | HP: 4/126 [poisoned by a black mamba]
 15591 | Lair:1   | HP: 1/84 [poisoned by a black mamba]
 15597 | Lair:1   | HP: 1/84 [poisoned by a black mamba]
 15602 | Lair:1   | HP: 1/84 [poisoned by a black mamba]
 15609 | Lair:1   | HP: 3/84 [poisoned by a black mamba]
 16798 | Lair:2   | Reached skill level 5 in Invocations
 16820 | Lair:2   | Lost mutation: Your magical capacity is low. (-10% MP)
                  | [potion of mutation]
 16820 | Lair:2   | Lost mutation: Your flesh is heat resistant. (rF+) [potion
                  | of mutation]
 16820 | Lair:2   | Lost mutation: Your mind is very acute. (Int +4) [potion of
                  | mutation]
 16820 | Lair:2   | Gained mutation: Scrolls take you a little longer to read.
                  | [potion of mutation]
 16820 | Lair:2   | Gained mutation: You have a somewhat thin skeletal
                  | structure. (Dex +2, Stealth) [potion of mutation]
 16820 | Lair:2   | Gained mutation: Your mind is very acute. (Int +4) [potion
                  | of mutation]
 16820 | Lair:2   | Gained mutation: You possess an exceptional clarity of
                  | mind. [potion of mutation]
 17027 | Lair:2   | Noticed a six-headed hydra
 17044 | Lair:2   | Killed a nine-headed hydra
 17044 | Lair:2   | Reached XP level 12. HP: 76/91 MP: 16/16
 18202 | Lair:3   | Found a staircase to the Swamp.
 18244 | Lair:3   | Reached ***** piety under Cheibriados
 18910 | D:11     | Bought a +2 war axe of flaming for 274 gold pieces
 19084 | Lair:4   | Found a staircase to the Snake Pit.
 19298 | Lair:4   | Reached skill level 10 in Invocations
 19482 | Lair:4   | Noticed a death yak
 19503 | Lair:4   | Killed a death yak
 19736 | Lair:4   | Gained mutation: You can hop long distances. [Barachi
                  | growth]
 19736 | Lair:4   | Reached XP level 13. HP: 93/96 MP: 20/20
 19993 | Lair:4   | Reached skill level 12 in Axes
 21018 | Lair:5   | Reached ****** piety under Cheibriados
 21432 | Lair:5   | Reached skill level 13 in Axes
 21818 | Lair:5   | Reached skill level 10 in Shields
 22250 | Lair:6   | Entered Level 6 of the Lair of Beasts
 22361 | Lair:6   | Reached XP level 14. HP: 43/106 MP: 22/22
 22953 | Lair:6   | Found a runed gate.
 22954 | Lair:6   | Found a runed gate.
 22954 | Lair:6   | Noticed Merlin's ghost (journeyman DrBe)
 22955 | Lair:6   | Found a runed gate.
 22998 | Lair:6   | Reached skill level 14 in Axes
 23044 | Lair:6   | Paralysed by a wizard for 2 turns
 23223 | Lair:6   | Found a burning altar of Makhleb.
 23227 | Lair:6   | Found a gateway to Hell.
 23397 | Lair:6   | Found the +4 skin of Zhor {rC+++}
 23586 | Lair:6   | Noticed Josephine
 23597 | Lair:6   | Killed Josephine
 23645 | Lair:6   | Reached skill level 10 in Fighting
 23988 | Lair:6   | Found a staircase to the Slime Pits.
 24635 | Orc:1    | Entered Level 1 of the Orcish Mines
 24703 | Orc:1    | Noticed an orc warlord
 24730 | Orc:1    | Killed an orc warlord
 24820 | Orc:1    | Found a frozen archway.
 24831 | IceCv    | Entered an ice cave
 24831 | IceCv    | Found a transporter.
 24841 | IceCv    | Reached skill level 15 in Axes
 24887 | IceCv    | Found a transporter.
 24892 | IceCv    | Reached XP level 15. HP: 89/117 MP: 23/23
 24928 | IceCv    | Got a translucent quarterstaff
 24931 | IceCv    | Identified the +1 quarterstaff of Frustration {freeze,
                  | Str+2 Dex+2 Stlth+} (You found it in an ice cave)
 25167 | Orc:2    | Entered Level 2 of the Orcish Mines
 25244 | Orc:1    | Reached skill level 1 in Dodging
 25252 | Orc:2    | Noticed an orc warlord
 25310 | Orc:1    | Killed an orc warlord
 26199 | Orc:2    | Paralysed by an orc sorcerer for 4 turns
 26347 | Orc:2    | Noticed Urug
 26347 | Orc:2    | Noticed an orc warlord
 26366 | Orc:2    | Killed Urug
 26394 | Orc:2    | Killed an orc warlord
 26651 | Orc:2    | Found a roughly hewn altar of Beogh.
 26793 | Orc:2    | Found Huosar's Antique Armour Shoppe.
 26867 | Orc:2    | Found a staircase to the Elven Halls.
 26950 | Orc:2    | Found Koatuich's General Store.
 26965 | Orc:2    | Found Sun Wuriesud's Book Shoppe.
 26972 | Orc:2    | Bought a book of Minor Magic for 300 gold pieces
 26975 | Orc:2    | Learned a level 2 spell: Blink
 26984 | Orc:2    | Found Oschuale's Antique Weapon Shoppe.
 27158 | Orc:2    | Bought a scorched ring mail for 243 gold pieces
 27160 | Orc:2    | Identified the cursed +1 ring mail of Vexation {*Contam
                  | MP+9 Dex+4} (You bought it in a shop on level 2 of the
                  | Orcish Mines)
 27244 | Orc:2    | Bought the ring "Gietygg" {EV+3 Str+2 Int+6 SInv} for 784
                  | gold pieces
 27283 | Orc:2    | Learned a level 3 spell: Conjure Flame
 27285 | Orc:2    | Learned a level 1 spell: Summon Butterflies
 27905 | D:11     | Found a roughly hewn altar of Beogh.
 27905 | D:11     | Found a staircase to the Orcish Mines.
 27940 | D:11     | Found Zaheqov's Weapon Shoppe.
 28554 | D:12     | Killed Nessos
 28554 | D:12     | Reached skill level 1 in Translocations
 29314 | D:13     | Found a gate to the Vaults.
 29401 | D:13     | Reached skill level 16 in Axes
 29581 | D:13     | Found Lurits's Magic Scroll Shoppe.
 29603 | D:13     | Bought a scroll of enchant armour for 75 gold pieces
 29796 | D:13     | Reached XP level 16. HP: 127/127 MP: 25/25
 29835 | D:13     | Reached skill level 5 in Dodging
 30519 | D:14     | Found Yshri Leu's Armour Emporium.
 30745 | D:14     | Reached skill level 15 in Armour
 31059 | D:15     | Entered Level 15 of the Dungeon
 31079 | D:15     | Reached skill level 1 in Spellcasting
 31140 | D:15     | Reached skill level 1 in Fire Magic
 31149 | D:15     | Reached skill level 1 in Conjurations
 31515 | D:15     | Reached skill level 1 in Stealth
 31569 | D:15     | Found a staircase to the Depths.
 31907 | D:15     | Paralysed by a centaur for 7 turns
 32141 | D:15     | Identified 2 scrolls of acquirement
 32267 | Depths:1 | Entered Level 1 of the Depths
 32268 | Depths:1 | Paralysed by a great orb of eyes for 6 turns
 32273 | Depths:1 | HP: 6/129 [ice dragon/blast of cold (9)]
 32274 | Depths:1 | HP: 1/129 [yaktaur/bolt (6)]
 32561 | D:15     | Learned a level 2 spell: Sticks to Snakes
 32856 | Snake:1  | Entered Level 1 of the Snake Pit
 33723 | Snake:1  | Reached skill level 1 in Transmutations
 33790 | Snake:1  | Found Nearghesk's Book Shoppe.
 34246 | Snake:2  | Reached skill level 1 in Summonings
 34500 | Snake:2  | Reached XP level 17. HP: 125/135 MP: 26/26
 35373 | Snake:2  | Noticed Asterion
 35380 | Snake:2  | Killed Asterion
 35716 | Snake:3  | Noticed Kirke
 35721 | Snake:3  | Noticed a sphinx
 35748 | Snake:2  | Killed Kirke
 36357 | Snake:3  | Found Eminies's Magic Scroll Emporium.
 37129 | Snake:3  | Identified the +8 trident "Beastbane" {drain, +Rage} (You
                  | found it on level 3 of the Snake Pit)
 37836 | Snake:4  | Entered Level 4 of the Snake Pit
 38276 | Snake:4  | Reached skill level 5 in Conjurations
 38437 | Snake:4  | Reached skill level 5 in Spellcasting
 39481 | Snake:3  | Reached XP level 18. HP: 118/144 MP: 27/27
 39656 | Snake:4  | Reached skill level 5 in Transmutations
 39715 | Snake:4  | Reached skill level 17 in Axes
 40310 | Snake:4  | Got a serpentine rune of Zot
 40565 | Snake:1  | Bought a book of Transfigurations for 935 gold pieces
 40572 | Snake:1  | Learned a level 6 spell: Statue Form
 40578 | Snake:1  | Learned a level 5 spell: Irradiate
 40816 | Vaults:1 | Entered Level 1 of the Vaults
 40878 | Vaults:1 | Reached skill level 15 in Shields
 40900 | Vaults:1 | Reached skill level 1 in Earth Magic
 41199 | Vaults:1 | Found Huoll's Antique Armour Shop.
 41698 | Vaults:1 | Reached XP level 19. HP: 130/153 MP: 28/28
 42395 | Vaults:2 | Noticed a Hell Sentinel
 42570 | Vaults:2 | Reached skill level 18 in Axes
 42627 | Vaults:2 | Reached skill level 10 in Dodging
 42633 | Vaults:2 | Mangled by a large abomination

Skill      XL: |  1  2  3  4  5  6  7  8  9 10 11 12 13 14 15 16 17 18 19 |
---------------+----------------------------------------------------------+-----
Fighting       | 4 5 6 7 8 10 11 12 13 14 | 14.8
Armour         | 4 5 6 7 11 14 15 | 15.1
Axes           | 3 4 5 6 7 8 9 11 13 15 16 17 18 | 18.0
Shields        | 4 5 6 7 8 10 11 12 13 14 15 | 15.0
Invocations    | 1 2 6 10 11 12 | 12.0
Dodging        | 4 6 8 9 10 | 10.0
Translocations | 3 4 |  4.1
Spellcasting   | 3 5 6 |  6.8
Fire Magic     | 3 4 |  4.1
Conjurations   | 3 5 6 7 |  7.3
Stealth        | 2 |  2.0
Transmutations | 1 4 6 7 |  7.6
Summonings     | 1 2 |  2.4
Earth Magic    | 2 4 |  4.1
Slings         | |  0.1
Throwing       | |  0.1

Action                   |  1- 3 |  4- 6 |  7- 9 | 10-12 | 13-15 | 16-18 | 19-21 || total
-------------------------+-------+-------+-------+-------+-------+-------+-------++-------
Melee: War axe           |   118 |   252 |   464 |   963 |  1326 |   310 |       ||  3433
       Broad axe         |       |       |       |       |       |  1019 |   185 ||  1204
 Fire: Hunting sling     |       |       |       |     4 |       |       |       ||     4
Throw: Javelin           |       |       |       |     2 |     7 |    24 |       ||    33
 Cast: Conjure Flame     |       |       |       |       |       |     3 |       ||     3
       Sticks to Snakes  |       |       |       |       |       |     1 |       ||     1
Invok: Bend Time         |       |       |       |     2 |       |       |       ||     2
       Slouch            |       |       |       |     1 |     6 |     9 |     3 ||    19
       Step From Time    |       |       |       |       |       |     1 |       ||     1
 Abil: Hop               |       |       |       |     7 |     1 |     6 |       ||    14
Evoke: Wand              |       |       |     2 |    10 |     6 |     6 |       ||    24
       Phial of floods   |       |       |       |     2 |     1 |       |       ||     3
       Lightning rod     |       |       |       |     3 |     9 |       |       ||    12
       Phantom mirror    |       |       |       |     1 |       |       |       ||     1
  Use: Potion            |       |     1 |     8 |     9 |     2 |     3 |       ||    23
       Scroll            |       |       |     5 |    19 |     7 |    20 |       ||    51
 Stab: Distracted        |       |       |       |       |     1 |       |       ||     1
  Eat: Chunk             |     3 |    13 |    16 |    18 |    15 |    12 |     1 ||    78
       Ration            |       |       |     3 |       |     2 |     4 |       ||     9
Armor: Scale mail        |    61 |   121 |    98 |       |       |       |       ||   280
       Plate armour      |       |       |   210 |   604 |   423 |    64 |    25 ||  1326
       Skin              |       |       |       |    10 |       |       |       ||    10
       Chain mail        |       |       |       |       |    39 |   199 |       ||   238
Dodge: Dodged            |    34 |    80 |   115 |   195 |   379 |   882 |   123 ||  1808
Block: Shield            |    63 |   142 |   305 |   622 |   938 |  1152 |   126 ||  3348
